 Dungeon Crawl Stone Soup version 0.31-a0-988-g08d55dae12 (webtiles) character file.

Game seed: 14456480626516114084

330 Pixllover the Ruffian (level 6, -1/47 HPs)
             Began as a Gnoll Shapeshifter on Nov 4, 2023.
             Splashed by a jelly's acid (6 damage)
             ... on level 4 of the Dungeon.
             The game lasted 00:06:05 (2642 turns).

Pixllover the Ruffian (Gnoll Shapeshifter)          Turns: 2642, Time: 00:06:06

Health: -1/47      AC: -13   Str: 16    XL:     6   Next: 51%
Magic:  9/9        EV: 13    Int:  9    God:
Gold:   215        SH:  0    Dex: 11    Spells: 9/9 levels left

rFire   . .          .
                       - Unarmed
rCold   . . .        (no shield)
rNeg    . . .        a - +0 animal skin
rPois   .            (helmet currently unavailable)
rElec   .            (cloak currently unavailable)
rCorr   .            (gloves currently unavailable)
SInv    .            (boots currently unavailable)
Will    .....        (no amulet)
Stlth   ++           (no ring)
HPRegen 0.27/turn    (no ring)
MPRegen 0.11/turn

%: no passive effects
@: beast-form, corroded
A: beast (slay +3), fangs 1, strong nose, distributed training
a: Begin Untransformation


You were on level 4 of the Dungeon.
You were a hulking beast.
You visited 2 branches of the dungeon, and saw 7 of its levels.

You collected 215 gold pieces.

Inventory:

Missiles
 m - 3 atropa-tipped darts (quivered)
Armour
 a - a +0 animal skin (worn)
Jewellery
 r - an amulet of magic regeneration
Talismans
 c - a beast talisman
 d - a flux talisman
 s - a blade talisman
 w - a maw talisman
Wands
 o - a wand of quicksilver (2)
Scrolls
 e - 2 scrolls of teleportation {unknown}
 i - 2 scrolls of identify {unknown}
 j - a scroll of blinking {unknown}
 k - a scroll of revelation {unknown}
 l - a scroll of torment {unknown}
 n - 3 scrolls of enchant weapon {unknown}
 p - a scroll of noise {unknown}
 v - a scroll of poison {unknown}
 x - a scroll of silence {unknown}
Potions
 b - a potion of lignification
 f - a potion of attraction {unknown}
 g - a potion of cancellation {unknown}
 h - a potion of magic {unknown}
 q - 2 potions of mutation {unknown}
 t - a potion of might {unknown}
 u - a potion of degeneration {unknown}


   Skills:
 + Level 3.3 Fighting
 + Level 2.0 Short Blades
 + Level 2.0 Long Blades
 + Level 2.0 Axes
 + Level 2.0 Maces & Flails
 + Level 2.0 Polearms
 + Level 2.0 Staves
 + Level 2.0 Ranged Weapons
 + Level 2.0 Throwing
 + Level 2.0 Armour
 + Level 5.0 Dodging
 + Level 2.0 Stealth
 + Level 2.0 Shields
 + Level 6.8 Unarmed Combat
 + Level 2.0 Spellcasting
 + Level 1.6 Conjurations
 + Level 1.6 Hexes
 + Level 1.6 Summonings
 + Level 1.6 Necromancy
 + Level 1.6 Translocations
 + Level 1.6 Transmutations
 + Level 1.6 Fire Magic
 + Level 1.6 Ice Magic
 + Level 1.6 Air Magic
 + Level 1.6 Earth Magic
 + Level 1.6 Poison Magic
 + Level 2.2 Invocations
 + Level 2.0 Evocations
 + Level 6.8 Shapeshifting


You had 9 spell levels left.
You didn't know any spells.
Your spell library contained the following spells:

 Spells                   Type           Power      Damage    Failure   Level
 Shock                    Conj/Air       12%        1d3       17%         1
 Swiftness                Air            3%         N/A       45%         3
 Airstrike                Air            1%         2d(1-17)  86%         4


Dungeon Overview and Level Annotations

Branches:
Dungeon (6/15)             Temple (1/1) D:6

Altars:
Ashenzari
Cheibriados
Dithmenos
Elyvilon
Fedhas
Gozag
Kikubaaqudgha
Makhleb
Nemelex Xobeh
Okawaru
Qazlal
Ru
Trog
Uskayaw
Wu Jian
Xom
Yredelemnul
The Shining One


Innate Abilities, Weirdness & Mutations

You are a hulking beast.
Your limbs bulge with bestial killing power. (Slay +3)
You have very sharp teeth.
Your uncanny sense of smell can sniff out nearby items.
Your experience applies equally to all skills.


Message History

The jelly quivers.
You hit the hobgoblin.
The hobgoblin is heavily wounded.
The hobgoblin misses you.
You closely miss the hobgoblin.
The hobgoblin is heavily wounded.
You hit the hobgoblin.
You kill the hobgoblin!
You hit the jelly. The acid corrodes you!
Your hands burn!
You bite the jelly.
The jelly is lightly wounded.
The jelly misses you.
You hit the jelly.
Your hands burn!
The jelly is moderately wounded.
The jelly closely misses you.
You punch the jelly! The acid corrodes you!
Your hands burn!
The jelly is heavily wounded.
The jelly hits you. The acid corrodes you!
You are splashed with acid!
A kobold comes into view. It is wielding a +0 whip.
The kobold shouts!
You hit the jelly. The acid corrodes you!
Your hands burn!
The jelly is heavily wounded.
The jelly closely misses you.
You hit the jelly but do no damage.
Your hands burn!
You punch the jelly, but do no damage.
The jelly is heavily wounded.
The jelly closely misses you.
You hit the jelly but do no damage. The acid corrodes you!
Your hands burn!
Your bite misses the jelly.
The jelly is heavily wounded.
The jelly jiggles.
The jelly hits you.
You are splashed with acid.
* * * LOW HITPOINT WARNING * * *
You hit the jelly but do no damage.
Your hands burn!
* * * LOW HITPOINT WARNING * * *
You bite the jelly, but do no damage.
The jelly is heavily wounded.
The jelly hits you.
* * * LOW HITPOINT WARNING * * *
You are splashed with acid.
You die...

#.##############..
#.## #.. #..## #..
#...# #.. #.######
### #..
#.####8###8### #..
#.##8...8...8###..
#.##.........###..
#h#_.........>#...
#J##.........#####
#.##8...8...8###
..####8###8### ?K#
### ### #... #...
#...


You could see a jelly and a kobold.

Vanquished Creatures
  A bullfrog (D:6)
  A scorpion (D:5)
  2 orc priests (D:4)
  2 orc wizards (D:4)
  A gnoll (D:4)
  A white imp (D:5)
  A dart slug (D:1)
  8 orcs (D:4)
  4 bats (D:1)
  4 endoplasms
  2 giant cockroaches
  6 goblins
  7 hobgoblins
  9 jackals
  8 kobolds
  2 quokkas
  5 ball pythons
  3 frilled lizards
  7 rats
74 creatures vanquished.

Notes
Turn   | Place    | Note
-------+----------+-------------------------------------------
     0 | D:1      | Pixllover the Gnoll Shapeshifter began the quest for the
                  | Orb.
     0 | D:1      | Reached XP level 1. HP: 17/17 MP: 1/1
   123 | D:1      | Reached XP level 2. HP: 23/23 MP: 2/2
   218 | D:1      | Reached XP level 3. HP: 28/28 MP: 3/3
   333 | D:1      | Reached skill level 1 in Invocations
   504 | D:1      | Found a faded altar of an unknown god.
   820 | D:2      | Reached skill level 1 in Short Blades
   820 | D:2      | Reached skill level 1 in Long Blades
   820 | D:2      | Reached skill level 1 in Axes
   820 | D:2      | Reached skill level 1 in Maces & Flails
   820 | D:2      | Reached skill level 1 in Polearms
   820 | D:2      | Reached skill level 1 in Staves
   820 | D:2      | Reached skill level 1 in Ranged Weapons
   820 | D:2      | Reached skill level 1 in Throwing
   820 | D:2      | Reached skill level 1 in Armour
   820 | D:2      | Reached skill level 1 in Stealth
   820 | D:2      | Reached skill level 1 in Shields
   820 | D:2      | Reached skill level 1 in Spellcasting
   820 | D:2      | Reached skill level 1 in Evocations
   949 | D:2      | Reached XP level 4. HP: 17/34 MP: 5/5
  1050 | D:2      | Found a bloodstained altar of Trog.
  1671 | D:3      | Found a bloodstained altar of Trog.
  1671 | D:3      | Found a stormy altar of Qazlal.
  1753 | D:3      | You fall into a shaft and drop 3 floors!
  1754 | D:6      | Noticed a bullfrog
  1767 | D:6      | Killed a bullfrog
  1768 | D:6      | Reached skill level 1 in Conjurations
  1768 | D:6      | Reached skill level 1 in Hexes
  1768 | D:6      | Reached skill level 1 in Summonings
  1768 | D:6      | Reached skill level 1 in Necromancy
  1768 | D:6      | Reached skill level 1 in Translocations
  1768 | D:6      | Reached skill level 1 in Transmutations
  1768 | D:6      | Reached skill level 1 in Fire Magic
  1768 | D:6      | Reached skill level 1 in Ice Magic
  1768 | D:6      | Reached skill level 1 in Air Magic
  1768 | D:6      | Reached skill level 1 in Earth Magic
  1768 | D:6      | Reached skill level 1 in Poison Magic
  1768 | D:6      | Reached XP level 5. HP: 34/40 MP: 5/7
  1780 | D:6      | Found a staircase to the Ecumenical Temple.
  1792 | Temple   | Entered the Ecumenical Temple
  1946 | D:5      | Entered Level 5 of the Dungeon
  1976 | D:4      | Found a white marble altar of Elyvilon.
  2160 | D:4      | Found a basalt altar of Yredelemnul.
  2178 | D:4      | Reached XP level 6. HP: 35/47 MP: 8/8
  2422 | D:4      | Reached skill level 5 in Dodging
  2642 | D:4      | Splashed by a jelly's acid

Illustrated notes

Levels and vault maps discovered:
D:1:      dpeg_cavernosity, layout_rooms,
          hellmonk_ecumenical_altar_prayer_group, serial_park_tiny_2
D:2:      layout_basic, basic_altar, minmay_misc_feat_x, solitary_fountain,
          minmay_pentomino_p2
D:3:      layout_basic, gammafunk_temple_overflow_pools,
          amcnicky_mini_rare_corridor_liquid,
          wander_ebering_terrifying_dragon_lair, uniq_crazy_yiuf_cottage
D:4:      layout_basic, nicolae_overflow_hidden_temple, kennysheep_mini
D:5:      layout_cave_pools, grunt_decor_one_mirror
D:6:      layout_basic, minmay_temple_entry_waves, minmay_manual_mail,
          uniq_edmund, uniq_eustachio
Temple:   eino_narrow_crystal_temple

Skill      XL: |  1  2  3  4  5  6 |
---------------+-------------------+-----
Invocations    | 1 2 |  2.2
Short Blades   | 1 2 |  2.0
Long Blades    | 1 2 |  2.0
Axes           | 1 2 |  2.0
Maces & Flails | 1 2 |  2.0
Polearms       | 1 2 |  2.0
Staves         | 1 2 |  2.0
Ranged Weapons | 1 2 |  2.0
Throwing       | 1 2 |  2.0
Armour         | 1 2 |  2.0
Stealth        | 1 2 |  2.0
Shields        | 1 2 |  2.0
Spellcasting   | 1 2 |  2.0
Evocations     | 1 2 |  2.0
Conjurations   | 1 |  1.6
Hexes          | 1 |  1.6
Summonings     | 1 |  1.6
Necromancy     | 1 |  1.6
Translocations | 1 |  1.6
Transmutations | 1 |  1.6
Fire Magic     | 1 |  1.6
Ice Magic      | 1 |  1.6
Air Magic      | 1 |  1.6
Earth Magic    | 1 |  1.6
Poison Magic   | 1 |  1.6
Fighting       | 3 |  3.3
Dodging        | 5 |  5.0
Unarmed Combat | |  6.8
Shapeshifting  | |  6.8

Action                     |  1- 3 |  4- 6 || total
---------------------------+-------+-------++-------
  Melee: Unarmed           |    92 |    77 ||   169
         Bite              |     9 |     5 ||    14
         Punch             |     7 |     4 ||    11
   Stab: Sleeping          |       |     1 ||     1
 Armour: Animal skin       |    57 |    35 ||    92
  Dodge: Dodged            |    80 |    37 ||   117

Table legend: (Time is in decaauts)
 A = Elapsed time spent in this place.
 B = Non-inter-level travel time spent in this place.
 C = Inter-level travel time spent in this place.
 D = Time resting spent in this place.
 E = Time spent auto-exploring this place.
 F = Levels seen in this place.
 G = Mean time per level.
                   A        B        C        D        E       F      G
               +--------+--------+--------+--------+--------+-----+--------+
         Total |   2621 |   2529 |     92 |    363 |   1334 |   7 |  374.4 |
       Dungeon |   2567 |   2491 |     76 |    363 |   1334 |   6 |  427.8 |
        Temple |     53 |     37 |     16 |      0 |      0 |   1 |   53.0 |
               +--------+--------+--------+--------+--------+-----+--------+

Top non-repeatable levels by time:
     D:2: 812 daAuts
     D:1: 797 daAuts
     D:4: 502 daAuts
     D:5: 186 daAuts
     D:6: 138 daAuts
     D:3: 130 daAuts
  Temple: 53 daAuts
